[Event "Late-Titled-Tuesday-Blitz-September-05-2023"]
[Site "Chess.com"]
[Date "2023.09.05"]
[Round "2"]
[White "Lennis93"]
[Black "Alohamora11"]
[Result "1/2-1/2"]
[WhiteElo "2828"]
[BlackElo "2541"]
[TimeControl "180+1"]
[EndTime "14:17:52 PDT"]
[Termination "Game drawn by repetition"]

1. Nf3 c5 2. e4 g6 3. d4 cxd4 4. Qxd4 Nf6 5. e5 Nc6 6. Qa4 Nd5 7. Qb3 Nc7 8. Nc3 Ne6 9. Bc4 Na5 10. Qb4 Nxc4 11. Qxc4 Bg7 12. h4 Qa5 13. Bd2 Qc5 14. Qxc5 Nxc5 15. Nd5 Na6 16. Bg5 f6 17. exf6 exf6 18.
Bxf6 Bxf6 19. Nxf6+ Kf7 20. Nd5 Re8+ 21. Kd2 b6 22.
Rae1 Bb7 23. Ne3 Nc5 24. Ng5+ Kg7 25. b4 Na6 26. a3 h6 27. Nf3 Bxf3 28. gxf3 Rf8 29.
Rh3 Nc7 30. Rg1 Ne6 31. Rhg3 Nf4 32. Ng2 Nh5 33. Rg4 Rxf3 34. Rxg6+ Kh7 35. Rd6 Rxf2+ 36. Kd1 Rg8 37. Rxd7+ Kh8 38. Rd6 Kh7 39. Rd7+ Kh8 40. Rd6 Kh7 41. Rd7+ 1/2-1/2

[Event "Late-Titled-Tuesday-Blitz-September-05-2023"]
[Site "Chess.com"]
[Date "2023.09.05"]
[Round "2"]
[White "Chess_Star1234"]
[Black "crazy_but_lazy"]
[Result "1/2-1/2"]
[WhiteElo "2350"]
[BlackElo "2588"]
[TimeControl "180+1"]
[EndTime "14:17:52 PDT"]
[Termination "Game drawn by repetition"]

1. d4 d5 2. c4 e6 3. Nc3 a6 4.
cxd5 exd5 5. Nf3 c6 6. Bg5 Nf6 7. e3 Bd6 8. Bd3 Bg4 9. Qc2 Nbd7 10. h3 Bh5 11. Rb1 Bg6 12. Bxg6 hxg6 13. O-O Be7 14. b4 O-O 15. Rfc1 b5 16. a4 Nb6 17. a5 Nc4 18.
Nd1 Rc8 19. Qc3 Ne4 20. Bxe7 Nxc3 21. Bxd8 Nxb1 22. Rxb1 Rfxd8 23. Nb2 f6 24. Nd3 Ra8 25. Nc5 Kf7 26. Ne1 g5 27. Ned3 Re8 28. g3 Re7 29.
Kg2 Rea7 30. Re1 Re8 31. Rh1 Nd6 32. h4 gxh4 33. Rxh4 Nf5 34. Rh5 Nd6 35. Rh1 Nc4 36. Rh2 Kg6 37. Rh4 Kf7 38. Rh2 Nd6 39. Kf3 Ne4 40.
Rh1 Nd2+ 41. Ke2 Nc4 42. Kf3 Rae7 43. Re1 Ra8 44. Kg2 Nd6 45. Kf3 g5 46. Kg2 Kg6 47. Rh1 Nc4 48. Re1 Rh7 49. Rh1 Rxh1 50. Kxh1 Kf5 51. Kg2 g4 52. Kg1 Nd6 53. Kg2 Ne4 54. Kg1 Nd2 55. Kg2 Nf3 56. Kf1 Nd2+ 57. Kg2 Nc4 58.
Kg1 Kg5 59. Kg2 Kg6 60. Kg1 Kf5 61. Kg2 Nd6 62. Kg1 Ne4 63. Kg2 Nd6 64. Kg1 Ra7 65. Kg2 Nc4 66. Kg1 Nd2 67. Kg2 Nf3 68. Kf1 Nd2+ 69. Kg2 Nc4 70. Kg1 Nd6 71. Kg2 Ne4 72. Kg1 Ra8 73. Kg2 Ng5 74. Kg1 Nf3+ 75. Kf1 Nh2+ 76.
Kg2 Nf3 77. Kf1 1/2-1/2

[Event "Late-Titled-Tuesday-Blitz-September-05-2023"]
[Site "Chess.com"]
[Date "2023.09.05"]
[Round "2"]
[White "alturas_pacificas"]
[Black "cthake"]
[Result "1-0"]
[WhiteElo "2402"]
[BlackElo "1873"]
[TimeControl "180+1"]
[EndTime "14:17:54 PDT"]
[Termination "alturas_pacificas won on time"]

1. d4 Nf6 2. Bf4 e6 3. e3 d5 4. Nd2 c5 5. Ngf3 Qb6 6. b3 Nc6 7. c3 Be7 8. Bd3 O-O 9. O-O Bd7 10. Ne5 Nxe5 11. Bxe5 Bc6 12. h3 h6 13. c4 Nd7 14.
Bg3 cxd4 15. exd4 Qxd4 16. Nf3 Qf6 17. Rc1 Rac8 18. Re1 Rfd8 19. Qe2 dxc4 20. Bxc4 Bxf3 21. Qxf3 Qxf3 22. gxf3 Bg5 23. Rcd1 Nb6 24. Rxd8+ Rxd8 25. Bc7 Rd2 26. Bxb6 axb6 27. Re2 Rd1+ 28. Kg2 Kf8 29. a4 Bf4 30. Re4 g5 31. Be2 Rd2 32. Bb5 Ke7 33.
Rc4 Rb2 34. Rc3 Bd6 35. Rd3 Bc5 36. Rd7+ Kf6 37. Rxb7 Bxf2 38. Kh1 Bc5 39. Be8 Rxb3 40. Rxf7+ Ke5 41. Rh7 Rxf3 42. Rxh6 Rf1+ 43. Kg2 Rf6 44. Rh5 Kf4 45. Bc6 e5 46. Bb5 e4 47. h4 g4 48. Rd5 e3 49. Rd1 Re6 50. Re1 Bb4 51. Re2 Rh6 52. Rb2 Bd2 53. Be2 Rxh4 54. Rxb6 Rh5 55.
Rf6+ Ke5 56. Rb6 Rg5 57. Rb5+ Kf6 58. Rb6+ Ke5 59. Kg3 Kd4 60. Bxg4 Ra5 61. Rd6+ Kc3 62. Bd1 e2 63. Rc6+ 1-0

[Event "Late-Titled-Tuesday-Blitz-September-05-2023"]
[Site "Chess.com"]
[Date "2023.09.05"]
[Round "2"]
[White "GMForgacs"]
[Black "thechessnoob12345"]
[Result "0-1"]
[WhiteElo "2399"]
[BlackElo "2101"]
[TimeControl "180+1"]
[EndTime "14:17:56 PDT"]
[Termination "thechessnoob12345 won by checkmate"]

1. e4 c6 2. d4 d5 3. Nd2 dxe4 4.
Nxe4 Nd7 5. Ng5 Ngf6 6. Bd3 e6 7.
Qe2 Bd6 8. N1f3 h6 9. Ne4 Nxe4 10.
Qxe4 Qc7 11. c3 b6 12. Bd2 Bb7 13. Qh4 c5 14. O-O-O Be7 15. Qg3 Qxg3 16. hxg3 O-O 17. g4 Bxf3 18. gxf3 cxd4 19. cxd4 Nf6 20. g5 Nd5 21.
gxh6 g6 22. h7+ Kh8 23. Be4 Bf6 24. Bc3 Rac8 25. Bxd5 exd5 26. Kd2 b5 27. Rde1 Rfe8 28. Rxe8+ Rxe8 29. b3 Kg7 30. Kd3 Rh8 31. Bb2 Rxh7 32.
Rxh7+ Kxh7 33. Kc3 Be7 34. Bc1 f5 35. a4 bxa4 36.
bxa4 g5 37. a5 a6 38. Kb3 Kg6 39. Ba3 Bf6 40. Bc5 g4 41. fxg4 fxg4 42. Kb4 Kf5 43. Ba7 Ke4 44. Bb8 Bxd4 45. Bg3 Kf3 46. Bh4 Bxf2 47.
Bg5 g3 48. Bd2 g2 49. Bc3 g1=Q 50. Kb3 Qb1+ 51. Ka4 Qb5+ 52. Ka3 Bc5+ 53. Ka2 Ke2 54. Bb2 Kd3 55. Bc1 Kc2 56. Ba3 Qb3+ 57. Ka1 Qb1# 0-1

[Event "Late-Titled-Tuesday-Blitz-September-05-2023"]
[Site "Chess.com"]
[Date "2023.09.05"]
[Round "2"]
[White "TreinadorBR"]
[Black "Rodalquilar"]
[Result "0-1"]
[WhiteElo "2383"]
[BlackElo "2784"]
[TimeControl "180+1"]
[EndTime "14:17:57 PDT"]
[Termination "Rodalquilar won by resignation"]

1. e4 d5 2. exd5 Qxd5 3. Nc3 Qa5 4. d4 Nf6 5. h3 Bf5 6. Bd3 Nbd7 7. Bxf5 Qxf5 8. Qf3 Qxf3 9. Nxf3 e6 10. Bf4 Bd6 11.
Ne5 Bxe5 12. dxe5 Nd5 13. Nxd5 exd5 14. O-O-O c6 15. Rhe1 Ke7 16. Bg3 g5 17. Rd3 Nc5 18. Rf3 h5 19. h4 g4 20. Rfe3 Ne4 21. R1e2 b5 22. Bf4 Rhg8 23. c3 Ke6 24. f3 gxf3 25.
gxf3 Ng3 26. Bxg3 Rxg3 27. f4 Rxe3 28. Rxe3 Rg8 29. Rf3 Kf5 30. Re3 Ke6 31. Rf3 Rg4 32.
Kd2 Kf5 33. Ke3 Rxh4 34. Rg3 Rg4 35. Rh3 h4 36. Kf3 Rxf4+ 37. Ke3 Kxe5 38. Kd3 c5 39. Re3+ Re4 40. Rf3 f5 41. Rf1 h3 42. Rh1 Rh4 43.
Re1+ Kf6 44. Rh1 h2 45. Ke3 Ke5 46. Kf3 f4 47. Re1+ Kf5 48. Rh1 Rh3+ 49. Kg2 Kg4 50. Rd1 h1=Q+ 0-1

[Event "Late-Titled-Tuesday-Blitz-September-05-2023"]
[Site "Chess.com"]
[Date "2023.09.05"]
[Round "2"]
[White "Nekoo04"]
[Black "willyam13"]
[Result "0-1"]
[WhiteElo "2314"]
[BlackElo "2530"]
[TimeControl "180+1"]
[EndTime "14:17:58 PDT"]
[Termination "willyam13 won by checkmate"]

1. d4 Nf6 2. c4 e6 3. Nf3 b6 4.
g3 Bb7 5. Bg2 Bb4+ 6. Bd2 Be7 7.
O-O O-O 8. Nc3 d5 9. Ne5 Nbd7 10. cxd5 exd5 11. Qa4 Nb8 12. Rfd1 Bd6 13. Bg5 c6 14. e4 dxe4 15. Nxe4 Be7 16. Bf4 Nd5 17.
Rac1 f6 18. Nd3 Kh8 19. Nc3 b5 20. Qb3 Nxf4 21. Nxf4 Qb6 22. d5 Bc5 23. Ne4 Bd4 24. Ne6 Bxf2+ 25. Nxf2 Re8 26. d6 Nd7 27. Rd2 Ne5 28.
Kh1 a5 29. Nc5 a4 30. Qe3 Rad8 31. Qf4 Bc8 32. Rcd1 Ng6 33. d7 Bxd7 34. Nxd7 Nxf4 35. Nxb6 Rxd2 36. Rxd2 Re1+ 37. Bf1 Rxf1# 0-1

[Event "Late-Titled-Tuesday-Blitz-September-05-2023"]
[Site "Chess.com"]
[Date "2023.09.05"]
[Round "2"]
[White "nassimzrikem"]
[Black "szachmistrz2500"]
[Result "1-0"]
[WhiteElo "2279"]
[BlackElo "2462"]
[TimeControl "180+1"]
[EndTime "14:17:58 PDT"]
[Termination "nassimzrikem won by resignation"]

1. d4 c5 2. e3 g6 3. c3 b6 4. Nf3 Bb7 5. Bc4 Nf6 6. dxc5 bxc5 7. Qb3 d5 8. Qxb7 dxc4 9. Qxa8 Bg7 10. O-O O-O 11. Nbd2 Qc7 12. Ne5 Qxe5 13. Qf3 Qc7 14. Nxc4 e5 15. e4 Nc6 16. Bg5 Nd7 17. Rfd1 f6 18. Be3 Rb8 19. Rd6 Nf8 20. Rad1 Na5 21.
Nxa5 Qxa5 22. Qe2 Qxa2 23. Bxc5 Rxb2 24. Qd3 a5 25. Rd8 Qf7 26. h4 a4 27. Qd7 Rb7 28. Qxf7+ Kxf7 29. Ra8 Ne6 30. Bb4 Bf8 31. Rxa4 Bxb4 32.
Rxb4 Rc7 33. Rc1 Nc5 34. Rc4 Ke6 35. Rd1 f5 36. f3 fxe4 37. fxe4 h5 38. Rd5 Na6 39.
Rxc7 Nxc7 40. Ra5 Kd6 41. Kf2 Ne6 42. Ra6+ Ke7 43. g3 g5 44. hxg5 Nxg5 45. Ke3 Ne6 46. Ra7+ Kf6 47. Rh7 Kg6 48. Ra7 Kf6 49. c4 Nc5 50.
Ra5 Nb3 51. Ra6+ Kg7 52. Re6 Kf7 53. Rxe5 Kg6 54. Rb5 1-0

[Event "Late-Titled-Tuesday-Blitz-September-05-2023"]
[Site "Chess.com"]
[Date "2023.09.05"]
[Round "2"]
[White "gunslinger222"]
[Black "wanyaland"]
[Result "1-0"]
[WhiteElo "2454"]
[BlackElo "2210"]
[TimeControl "180+1"]
[EndTime "14:17:59 PDT"]
[Termination "gunslinger222 won on time"]

1. d4 d5 2. c4 e6 3. Nf3 Nf6 4.
Nc3 Be7 5. Bf4 O-O 6. e3 a6 7. c5 Ne4 8. Nxe4 dxe4 9. Nd2 f5 10. Bc4 Nc6 11. a3 Kh8 12. b4 g5 13. Bg3 f4 14.
Nxe4 fxg3 15. hxg3 Rf7 16. Qb3 Rg7 17. O-O-O b6 18.
Bxe6 bxc5 19. dxc5 Qf8 20. Bd5 Bb7 21. Rh5 Rd8 22.
Rdh1 Na5 23. Qc3 Qf5 24. Rxh7+ Qxh7 25. Rxh7+ Kxh7 26. c6 Rxd5 27. bxa5 Bc8 28. f3 Bf5 29. Qb3 Bxe4 30. fxe4 Rc5+ 31. Kd1 Rxc6 32. Qb7 Rc3 33. Qxa6 Bxa3 34. Qe6 1-0

[Event "Late-Titled-Tuesday-Blitz-September-05-2023"]
[Site "Chess.com"]
[Date "2023.09.05"]
[Round "2"]
[White "Keaton87"]
[Black "leoduarte"]
[Result "0-1"]
[WhiteElo "2626"]
[BlackElo "2380"]
[TimeControl "180+1"]
[EndTime "14:18:00 PDT"]
[Termination "leoduarte won on time"]

1. d4 d5 2. c4 e6 3. Nc3 Nf6 4. cxd5 exd5 5. Bg5 c6 6. e3 Bd6 7. Bd3 h6 8. Bh4 O-O 9. Nge2 Re8 10. Bg3 a5 11.
O-O Na6 12. Bxd6 Qxd6 13. Bxa6 Rxa6 14. a3 Bf5 15. Nf4 Raa8 16. Nd3 Ng4 17. g3 h5 18.
Nf4 h4 19. Qf3 Qf6 20. b4 g5 21. Nfe2 Qg6 22. b5 Nf6 23. Rfd1 cxb5 24. Nxd5 Nxd5 25. Qxd5 Be4 26. Qxb5 Qf6 27. Nc3 Bc6 28. Qf1 Bf3 29. Rdc1 Qh6 30. Qh3 Kg7 31. Nb5 Rh8 32. Rc7 g4 33. Qxh4 Qg6 34. Qe7 Rxh2 35. Qe5+ Qf6 36.
Rxf7+ Kxf7 37. Nd6+ Kg6 0-1

[Event "Late-Titled-Tuesday-Blitz-September-05-2023"]
[Site "Chess.com"]
[Date "2023.09.05"]
[Round "2"]
[White "KarateBaby"]
[Black "Perdomov"]
[Result "1-0"]
[WhiteElo "2441"]
[BlackElo "2170"]
[TimeControl "180+1"]
[EndTime "14:18:00 PDT"]
[Termination "KarateBaby won by checkmate"]

1. e4 e6 2. d3 d5 3. Nd2 c5 4.
g3 Nf6 5. Bg2 Nc6 6. Ngf3 Bd6 7.
O-O O-O 8. Re1 Qc7 9. b3 b5 10. Bb2 d4 11. a4 bxa4 12. Nc4 Be7 13. Rxa4 Bd7 14. Nfd2 Nb4 15. Ra1 Bc6 16. f4 a5 17.
g4 a4 18. g5 Nd7 19. h4 Qxf4 20. Nf3 axb3 21. Rxa8 Rxa8 22. cxb3 Qg3 23. Rf1 Ra2 24. Rf2 Bb5 25. e5 Bxc4 26. bxc4 h6 27. Bxd4 cxd4 28.
Rxa2 Nxa2 29. Qa4 Nxe5 30. Nxe5 Qe3+ 31. Kf1 Qc1+ 32. Kf2 Qe3+ 33. Kf1 Qc1+ 34. Kf2 Qb2+ 35. Kf3 Qb8 36. Nd7 Qb7+ 37. Kg3 Bd6+ 38. Kh3 Qb2 39. Qa8+ Kh7 40. Be4+ g6 41. Nf6+ Kg7 42. Qg8# 1-0

[Event "Late-Titled-Tuesday-Blitz-September-05-2023"]
[Site "Chess.com"]
[Date "2023.09.05"]
[Round "2"]
[White "Casper"]
[Black "AradNazari"]
[Result "0-1"]
[WhiteElo "2454"]
[BlackElo "2712"]
[TimeControl "180+1"]
[EndTime "14:18:01 PDT"]
[Termination "AradNazari won by resignation"]

1. e4 e6 2. Qe2 c5 3. Nf3 Nc6 4. b3 Nf6 5. Bb2 Be7 6. g3 d5 7. exd5 exd5 8. Bg2 Be6 9. O-O O-O 10. d4 Ne4 11.
Nbd2 Bf6 12. Nxe4 dxe4 13. Qxe4 Bd5 14. Qf4 Bxf3 15. Bxf3 Nxd4 16. Bxd4 Bxd4 17. Rad1 Qa5 18. Bxb7 Rab8 19. Bd5 Qxa2 20. Rde1 Rbd8 21. Qe4 g6 22. Re2 Qa5 23. Rfe1 Kg7 24. Bc4 Rd6 25. Kg2 Rf6 26. f4 h5 27. h4 Rd8 28. Qf3 Bc3 29.
Rf1 Bd4 30. Rfe1 Qb6 31. Re7 a5 32. Qb7 Qxb7+ 33. Rxb7 Bc3 34. Ree7 Rd2+ 35. Kf3 Rxc2 36. Bxf7 Kf8 37. Bd5 Bd4 38. Rh7 Rf2+ 39. Ke4 Re2+ 40. Kd3 Re3+ 41. Kd2 Rd6 42. Rh8+ Bxh8 0-1

[Event "Late-Titled-Tuesday-Blitz-September-05-2023"]
[Site "Chess.com"]
[Date "2023.09.05"]
[Round "2"]
[White "eljanov"]
[Black "dcremisi"]
[Result "1-0"]
[WhiteElo "2880"]
[BlackElo "2543"]
[TimeControl "180+1"]
[EndTime "14:18:02 PDT"]
[Termination "eljanov won on time"]

1. e4 e6 2. d4 d5 3. e5 c5 4. c3 Nc6 5. Nf3 Qb6 6. a3 Nh6 7. b4 cxd4 8. b5 Na5 9. Bxh6 gxh6 10. cxd4 Bg7 11. Nc3 O-O 12. Bd3 f6 13. Na4 Qd8 14. O-O fxe5 15. Nxe5 Qg5 16. Re1 Qf4 17. Nf3 b6 18.
Nc3 Bd7 19. Ne2 Qg4 20. h3 Qh5 21. Ng3 Qf7 22. Ra2 Rac8 23. Ne5 Bxe5 24. dxe5 Rc3 25.
a4 Nc4 26. Bxc4 Rxc4 27. Rd2 Rfc8 28. Nh5 Kh8 29. Nf6 Qg7 30. Rd4 Rxd4 31. Qxd4 Be8 32. Qe3 Bg6 33. Rc1 Qf8 34. Rc6 Rd8 35. Qd4 Qe7 36.
g4 Qa3 37. Kg2 Qb3 38. Rc7 Qb1 39. Qf4 Bd3 40. Kg3 Qg1+ 41. Kh4 d4 42. Rxa7 Bg6 43. Nxh7 1-0

[Event "Late-Titled-Tuesday-Blitz-September-05-2023"]
[Site "Chess.com"]
[Date "2023.09.05"]
[Round "2"]
[White "karpovian123"]
[Black "DeTimmerman"]
[Result "0-1"]
[WhiteElo "2407"]
[BlackElo "2673"]
[TimeControl "180+1"]
[EndTime "14:18:02 PDT"]
[Termination "DeTimmerman won by checkmate"]

1. d4 Nf6 2. Nf3 e6 3. c4 d5 4. g3 Be7 5. Bg2 O-O 6. O-O dxc4 7. Qc2 b5 8. a4 b4 9. Nbd2 Bb7 10. Nxc4 a5 11. Bg5 Nbd7 12. e3 Be4 13. Qe2 c5 14.
Rfd1 cxd4 15. Nxd4 Bxg2 16. Kxg2 Ra6 17. Qf3 Qa8 18.
Qxa8 Rfxa8 19. Nb5 Rc8 20. Rac1 Nc5 21. Ncd6 Rcc6 22.
Ne8 Nxa4 23. Rxc6 Rxc6 24. Nxf6+ Bxf6 25. Bxf6 gxf6 26. b3 Nc3 27. Rc1 Rc5 28. Nd4 e5 29. Nf5 a4 30. bxa4 b3 31. Ne7+ Kf8 32. Nd5 b2 33.
Rxc3 b1=Q 34. Rxc5 Qe4+ 35. f3 Qxa4 36. Rc8+ Kg7 37. Rd8 Qc2+ 38. Kh3 Qd1 39. Kg4 h5+ 40. Kh4 Qxf3 41. Ne7 Qg4# 0-1

[Event "Late-Titled-Tuesday-Blitz-September-05-2023"]
[Site "Chess.com"]
[Date "2023.09.05"]
[Round "2"]
[White "Godzillator"]
[Black "ozates"]
[Result "1-0"]
[WhiteElo "2335"]
[BlackElo "2547"]
[TimeControl "180+1"]
[EndTime "14:18:03 PDT"]
[Termination "Godzillator won on time"]

1. Nf3 Nc6 2. d4 d5 3. b3 Bg4 4.
Bb2 Qd7 5. e3 O-O-O 6. Bb5 f6 7.
Nbd2 a6 8. Be2 e6 9. Rc1 g5 10. a3 h5 11. c4 h4 12. h3 Bh5 13. cxd5 exd5 14. Qc2 Bd6 15. Bxa6 bxa6 16. Qxc6 Qxc6 17. Rxc6 Kb7 18. Rc1 Ne7 19. b4 Rhg8 20. Nb3 f5 21. Nc5+ Bxc5 22. Rxc5 c6 23. Ne5 Be8 24. Ke2 f4 25. Rhc1 Rd6 26. a4 fxe3 27. fxe3 Nf5 28. b5 Ng3+ 29. Ke1 cxb5 30. Rc7+ Kb6 31. Ba3 Rf6 32.
Bc5+ Ka5 33. Nf3 Bh5 34. axb5 Bxf3 35. gxf3 Rxf3 36. Ra1+ Kxb5 37. Rb7+ Kc6 38. Rb6+ Kc7 39. Raxa6 Rf1+ 40. Kd2 Ne4+ 41. Kc2 Rf2+ 42. Kb3 Nd2+ 43.
Ka4 Nc4 44. Ra7+ Kc8 45. Rbb7 Ra2+ 46. Kb5 Rb2+ 47. Bb4 Nd6+ 48. Kc6 Rc2+ 49. Kxd6 Rg6+ 50. Ke5 1-0

[Event "Late-Titled-Tuesday-Blitz-September-05-2023"]
[Site "Chess.com"]
[Date "2023.09.05"]
[Round "2"]
[White "laskakid"]
[Black "stasOR4ik"]
[Result "0-1"]
[WhiteElo "2222"]
[BlackElo "2461"]
[TimeControl "180+1"]
[EndTime "14:18:03 PDT"]
[Termination "stasOR4ik won on time"]

1. d4 d5 2. c4 c6 3. Nf3 Nf6 4. Nc3 dxc4 5. a4 Bf5 6. e3 e6 7.
Bxc4 Bb4 8. O-O O-O 9. Qe2 a5 10. e4 Bg6 11. Bd3 Na6 12. e5 Nd5 13. Ne4 c5 14.
Bxa6 Rxa6 15. Nxc5 Bxc5 16. dxc5 Qc7 17. Be3 Rc6 18. Rac1 Rc8 19. Nd4 Nxe3 20. Nb5 Qxe5 21. Qxe3 Qxe3 22. fxe3 Rxc5 23. Rxc5 Rxc5 24. Rd1 h5 25.
Rd8+ Kh7 26. Rd7 Rc1+ 27. Kf2 Rc2+ 28. Kf3 Rxb2 29. Rxb7 Rb4 30. Nd6 Rxa4 31. Ra7 Ra2 32. Nxf7 Bxf7 33. Rxf7 Kg6 34. Ra7 Kf6 35. h4 Ra4 36. g3 Ra1 37. Ke4 a4 38. Ra5 g6 39.
Kf4 a3 40. e4 e5+ 41. Kf3 a2 42. Kg2 Ke7 43. Ra6 Kd7 44. Ra5 Kc6 45. Ra8 Kc5 0-1

[Event "Late-Titled-Tuesday-Blitz-September-05-2023"]
[Site "Chess.com"]
[Date "2023.09.05"]
[Round "2"]
[White "guillembaches"]
[Black "temus_galaktionov"]
[Result "0-1"]
[WhiteElo "2528"]
[BlackElo "2827"]
[TimeControl "180+1"]
[EndTime "14:18:04 PDT"]
[Termination "temus_galaktionov won on time"]

1. e4 c6 2. d4 g6 3. Nc3 Bg7 4. Be3 d6 5. Qd2 Nd7 6. f3 b5 7. O-O-O Qa5 8. Kb1 Nb6 9. b3 Qb4 10.
Nge2 a5 11. Nc1 a4 12. Nd3 Qa3 13. Qc1 axb3 14. cxb3 Qa5 15. Nb2 Bd7 16. Qd2 Nf6 17. g4 h5 18. g5 Nh7 19. h4 O-O 20. Bh3 Bxh3 21. Rxh3 c5 22. Rh2 Rfc8 23. Rc1 Nf8 24. dxc5 dxc5 25. Nd3 Ne6 26. Nd5 Qa7 27. Nxc5 Nxd5 28.
Qxd5 Rd8 29. Qb7 Qa3 30. Nxe6 fxe6 31. Qxb5 Rab8 32. Qc4 Kf7 33. f4 Rb4 34. Qc2 Bd4 35.
Bxd4 Rbxd4 36. f5 Qd6 37. fxg6+ Kg7 38. Rf2 e5 39. Rcf1 Kxg6 40. Rf7 Rd2 41. Qc3 Qa3 0-1

[Event "Late-Titled-Tuesday-Blitz-September-05-2023"]
[Site "Chess.com"]
[Date "2023.09.05"]
[Round "2"]
[White "rochaaaaaaaaaa"]
[Black "angryspacevoid"]
[Result "0-1"]
[WhiteElo "2266"]
[BlackElo "2598"]
[TimeControl "180+1"]
[EndTime "14:18:04 PDT"]
[Termination "angryspacevoid won on time"]

1. e4 e6 2. d4 Ne7 3. c4 d6 4.
Nc3 Nd7 5. f4 Ng6 6. Nf3 Nb6 7.
Be2 Nh4 8. O-O Nxf3+ 9. Rxf3 g6 10. b3 Bg7 11. Bb2 O-O 12. Kh1 e5 13. fxe5 dxe5 14. d5 f5 15. Ba3 Re8 16. c5 Nd7 17. Rc1 Nf6 18. Bd3 f4 19. Rf1 Ng4 20. Qe1 Qg5 21. d6 Qh5 22. h3 Ne3 23. Rf3 Bg4 24. Rxe3 fxe3 25. Nd5 cxd6 26. cxd6 Kh8 27. Nc7 Rad8 28. Nxe8 Rxe8 29. Rc7 e2 30. d7 Rd8 31. Be7 Rg8 32.
d8=Q Rxd8 33. Bxd8 Bxh3 34. Kg1 Qg4 35. Qxe2 Qg3 36.
Be7 Bh6 37. Rc8+ Bxc8 0-1

[Event "Late-Titled-Tuesday-Blitz-September-05-2023"]
[Site "Chess.com"]
[Date "2023.09.05"]
[Round "2"]
[White "lupta_robin"]
[Black "Polish_fighter3000"]
[Result "0-1"]
[WhiteElo "2608"]
[BlackElo "3084"]
[TimeControl "180+1"]
[EndTime "14:18:05 PDT"]
[Termination "Polish_fighter3000 won by resignation"]

1. b3 e6 2. Bb2 b6 3. Nf3 Bb7 4. g3 Bxf3 5. exf3 Nf6 6. Bg2 g6 7. f4 c6 8. O-O Bg7 9. d3 Nh5 10. Bxg7 Nxg7 11. Nd2 Nf5 12. Nf3 Qe7 13. a4 Na6 14. a5 b5 15. Re1 b4 16. h4 Nc7 17. d4 Nb5 18. Qd3 Rb8 19. Bh3 Qf6 20. Bxf5 Qxf5 21. Qxf5 gxf5 22. Re3 Ke7 23. Rd3 Rhc8 24.
Re1 d5 25. Re2 c5 26. dxc5 Rxc5 27. a6 Rb6 28. Nd4 Nd6 29. f3 h5 30. Rd1 Rxa6 31. Kf2 Kf6 32. Ree1 Nb5 33. Nxb5 Rxb5 34. Ra1 Rba5 35.
Rxa5 Rxa5 36. Ke3 Rc5 37. Kd2 Rc3 38. Re3 Rxe3 39. Kxe3 Ke7 40. Kd4 Kd6 41. Kd3 f6 42.
Ke3 e5 43. Kd3 e4+ 44. Ke3 exf3 45. Kxf3 d4 46. Ke2 Kd5 47. Kd3 a6 0-1

[Event "Late-Titled-Tuesday-Blitz-September-05-2023"]
[Site "Chess.com"]
[Date "2023.09.05"]
[Round "2"]
[White "DishonorOnYourCow"]
[Black "jorquerino"]
[Result "0-1"]
[WhiteElo "2530"]
[BlackElo "2354"]
[TimeControl "180+1"]
[EndTime "14:18:05 PDT"]
[Termination "jorquerino won by checkmate"]

1. d4 d5 2. c4 Bf5 3. cxd5 Bxb1 4. Rxb1 Qxd5 5. Nf3 Nc6 6. a3 O-O-O 7. e3 e5 8. Be2 exd4 9. O-O d3 10. Bd2 dxe2 11.
Qxe2 Qd3 12. Qe1 Nf6 13. Rc1 Bd6 14. b4 Kb8 15. Rc3 Qg6 16. b5 Ne5 17. Nd4 Ne4 18.
Rb3 Qh5 19. f4 Nxd2 20. Qxd2 Nc4 21. Qc3 Nb6 22. a4 g5 23. a5 Nd5 24. Qc4 gxf4 25.
Nc6+ Ka8 26. a6 fxe3 27. axb7+ Kxb7 28. Nxd8+ Rxd8 29. Qc6+ Kb8 30. h3 Qe5 31. Re1 e2 32. Rf3 Qd4+ 33. Kh1 Qd1 34. Qc1 Qxc1 35. Rxc1 Re8 36.
Re1 Bb4 37. Rxe2 Rxe2 38. Rxf7 Bd6 39. g4 Ne3 40. Rxh7 Re1# 0-1

[Event "Late-Titled-Tuesday-Blitz-September-05-2023"]
[Site "Chess.com"]
[Date "2023.09.05"]
[Round "2"]
[White "SergioMoralesG"]
[Black "oskariot"]
[Result "1-0"]
[WhiteElo "2390"]
[BlackElo "2668"]
[TimeControl "180+1"]
[EndTime "14:18:06 PDT"]
[Termination "SergioMoralesG won on time"]

1. d4 Nf6 2. Bg5 Ng8 3. e4 c6 4. Nc3 d6 5. Bc4 h6 6. Bh4 g5 7.
Bg3 Bg7 8. f4 Qb6 9. Nge2 Nd7 10.
fxg5 hxg5 11. O-O Ngf6 12. Qd2 Bh6 13. Kh1 e5 14. dxe5 dxe5 15. Qd6 Bf8 16. Qd2 Qc5 17. Bb3 Qe7 18. Rf5 Nc5 19. Rxe5 Be6 20. Bxe6 Nxe6 21. Rf1 Nh5 22. Ref5 Rd8 23. Qe3 Nxg3+ 24.
Nxg3 Nf4 25. e5 Bg7 26. Nce4 Bxe5 27. Nxg5 Nxg2 28. Kxg2 f6 29. Nf3 Rd5 30. Nxe5 fxe5 31. Rf7 Qxf7 32. Rxf7 Kxf7 33. Qf3+ Ke6 34. Ne4 Rg8+ 35.
Kf2 Rg6 36. Qh3+ Ke7 37. Qh7+ Ke6 38. Qxg6+ 1-0

[Event "Late-Titled-Tuesday-Blitz-September-05-2023"]
[Site "Chess.com"]
[Date "2023.09.05"]
[Round "2"]
[White "valemava"]
[Black "WindWhistler11"]
[Result "1-0"]
[WhiteElo "2285"]
[BlackElo "2468"]
[TimeControl "180+1"]
[EndTime "14:18:06 PDT"]
[Termination "valemava won by resignation"]

1. Nf3 Nf6 2. b4 e6 3. a3 g6 4.
Bb2 Bg7 5. g3 O-O 6. Bg2 d5 7.
O-O a5 8. b5 Nbd7 9. d3 Nb6 10.
a4 c6 11. bxc6 bxc6 12. Ne5 Qc7 13. Ra2 Ne8 14. f4 f6 15. Nf3 Nd6 16. Nbd2 Nf5 17. Rf2 Ne3 18. Qc1 Nxg2 19. Kxg2 c5 20. c4 Bb7 21. e4 Rad8 22. cxd5 exd5 23. e5 d4 24. exf6 Bxf6 25. Ba3 Rc8 26. Kg1 Nxa4 27. Qc4+ Kh8 28. Qxa4 Bd5 29. Nc4 Rb8 30. Rab2 Rbe8 31. Qxa5 Qc6 32.
Nfe5 Qe6 33. Qxc5 Bxc4 34. Qxc4 Qf5 35. Bxf8 Rxf8 36. Qd5 Qh5 37. Rbe2 Qh3 38. Qd6 Rc8 39. Qxf6+ Kg8 40. Qf7+ Kh8 41. Rf1 Qh5 42. Qf6+ Kg8 43. Qe6+ Kg7 44. Ng4 Rf8 45. Qe5+ Kg8 46. Qxh5 gxh5 47. Ne5 Re8 48. Kf2 1-0

[Event "Late-Titled-Tuesday-Blitz-September-05-2023"]
[Site "Chess.com"]
[Date "2023.09.05"]
[Round "2"]
[White "Murad_Ibrahimli"]
[Black "Semetey"]
[Result "1-0"]
[WhiteElo "2916"]
[BlackElo "2565"]
[TimeControl "180+1"]
[EndTime "14:18:08 PDT"]
[Termination "Murad_Ibrahimli won by resignation"]

1. d4 Nf6 2. c4 e6 3. Nf3 b6 4. g3 Ba6 5. b3 Bb4+ 6. Bd2 Be7 7. Bg2 c6 8. O-O d5 9. Qc2 Nbd7 10. a4 O-O 11. a5 b5 12. c5 Ne4 13.
b4 f5 14. Nc3 Bf6 15. e3 Qe7 16. Ne2 e5 17. dxe5 Nxe5 18. Nxe5 Bxe5 19. Nd4 Qf6 20. Bc3 Nxc3 21. Qxc3 f4 22. gxf4 Bxd4 23. exd4 Qxf4 24.
Rae1 Bc8 25. Re7 Rf7 26. Re8+ Rf8 27. Qe3 Qf7 28. Re7 Qf6 29. f4 Bf5 30. Qe5 Bd3 31.
Rf3 Be4 32. Rg3 Bg6 33. h4 Rf7 34. Qxf6 Rxf6 35. h5 Bf7 36. Rc7 a6 37. Re3 Bxh5 38. Rxc6 Bf7 39. Rxf6 gxf6 40. Re7 Rc8 41. Ra7 Re8 42.
Kf2 Kg7 43. Bxd5 1-0

[Event "Late-Titled-Tuesday-Blitz-September-05-2023"]
[Site "Chess.com"]
[Date "2023.09.05"]
[Round "2"]
[White "KejJaj"]
[Black "jcmesafischer"]
[Result "0-1"]
[WhiteElo "2197"]
[BlackElo "2447"]
[TimeControl "180+1"]
[EndTime "14:18:08 PDT"]
[Termination "jcmesafischer won on time"]

1. d4 Nf6 2. Bf4 d5 3. e3 c5 4. c3 Nc6 5. Nd2 g6 6. dxc5 e5 7. Bg5 Bxc5 8. Nb3 Be7 9. Nf3 O-O 10. Bb5 Qc7 11. O-O a6 12. Be2 Bf5 13. Nh4 Be6 14.
f4 Ne4 15. Nf3 Nxg5 16. Nxg5 Qb6 17. Qc1 exf4 18. Nxe6 fxe6 19. Nd4 Nxd4 20. exd4 e5 21. Qd2 Bd6 22. Kh1 e4 23. Bg4 Rae8 24. a4 Bb8 25. Qe1 Qd6 26. Qh4 h5 27. Be2 Kg7 28. b3 f3 29. gxf3 Rf4 30. Qh3 Qe7 31. Rae1 Rh4 32. Qg2 Rxh2+ 33. Qxh2 Bxh2 34. Kxh2 Qh4+ 35. Kg1 exf3 36.
Rxf3 Qxe1+ 37. Bf1 Qh4 38. Rf2 Qg3+ 39. Rg2 Qe3+ 40.
Kh1 Rf8 41. Be2 Rf2 0-1